[Event "Late-Titled-Tuesday-Blitz-February-13-2024"]
[Site "Chess.com"]
[Date "2024.02.13"]
[Round "3"]
[White "nihalsarin"]
[Black "rezamahdavi2008"]
[Result "0-1"]
[WhiteElo "3190"]
[BlackElo "2863"]
[TimeControl "180+1"]
[EndTime "14:28:48 PST"]
[Termination "rezamahdavi2008 won by checkmate"]

1. d4 d5 2. c4 e6 3. Nf3 Nf6 4. Nc3 Nbd7 5. c5 c6 6. Bf4 b6 7.
b4 a5 8. a3 Ba6 9. e3 Bxf1 10.
Kxf1 b5 11. h3 Be7 12. g4 O-O 13. Kg2 Re8 14. Qd3 Nf8 15. Ne5 Qc8 16. Bg3 N6d7 17.
Nxc6 Qxc6 18. Nxb5 e5 19. dxe5 Ng6 20. Nd4 Qa4 21. e6 fxe6 22. Nxe6 Rac8 23. Nc7 Red8 24.
Nxd5 Qc6 25. e4 Bf6 26. Rac1 axb4 27. axb4 Nde5 28. Qb3 Kh8 29. b5 Qe6 30. Rhe1 Bg5 31. Rc2 Rf8 32. c6 Nf3 33. Qxf3 Rxf3 34. Kxf3 Rf8+ 35.
Kg2 Qf7 36. c7 Qf3+ 37. Kg1 Nh4 38. Ne3 Bxe3 39. Bxh4 Qxh3 40. Rxe3 Qxg4+ 41. Bg3 Qd1+ 42. Kg2 Qxc2 43. b6 Qc6 44. Rb3 Qxe4+ 45. Kg1 Ra8 46.
f3 Ra1+ 47. Kg2 Qc2+ 48. Bf2 Qg6+ 49. Kh3 Rh1# 0-1

[Event "Late-Titled-Tuesday-Blitz-February-13-2024"]
[Site "Chess.com"]
[Date "2024.02.13"]
[Round "3"]
[White "Jospem"]
[Black "BardArtem"]
[Result "1-0"]
[WhiteElo "3036"]
[BlackElo "2773"]
[TimeControl "180+1"]
[EndTime "14:28:48 PST"]
[Termination "Jospem won on time"]

1. e4 b6 2. d4 Bb7 3. Bd3 e6 4. Nd2 Nf6 5. Qe2 d5 6. e5 Nfd7 7. c3 c5 8. Ndf3 Nc6 9. a3 Be7 10. Nh3 h6 11. Be3 g5 12. Nd2 Qc7 13. b4 c4 14. Bc2 O-O-O 15. f4 Rdg8 16. O-O g4 17. Nf2 f5 18. exf6 Nxf6 19. g3 h5 20. Rfe1 h4 21. Nf1 Bd6 22. Bd2 Nd8 23. a4 a6 24.
b5 a5 25. Bc1 Kb8 26. Ba3 Bxa3 27. Rxa3 Bc8 28. Bb1 Qg7 29. Qe5+ Kb7 30. Ra2 hxg3 31.
Nxg3 Ne8 32. Qxg7+ Nxg7 33. Nxg4 Nh5 34. Nxh5 Rxh5 35.
Rg2 Rh4 36. Ne5 Rxg2+ 37. Kxg2 Rxf4 38. Kg3 Rf8 39. Bg6 Kc7 40. h4 Kd6 41. h5 Ke7 42. h6 Bd7 43. h7 Rh8 44. Rf1 Be8 45. Kg4 Nb7 46. Bxe8 Rxh7 47. Bg6 Rg7 48. Kg5 Nd6 49. Kh6 Rg8 50. Kh7 Ra8 51. Kg7 Rc8 52. Nc6+ Kd7 53.
Ne5+ Ke7 54. Rh1 Ra8 55. Rh7 Rc8 56. Nc6+ Kd7 57. Kf6+ 1-0

[Event "Late-Titled-Tuesday-Blitz-February-13-2024"]
[Site "Chess.com"]
[Date "2024.02.13"]
[Round "3"]
[White "Mariia89"]
[Black "Noki102"]
[Result "1-0"]
[WhiteElo "2246"]
[BlackElo "2525"]
[TimeControl "180+1"]
[EndTime "14:28:48 PST"]
[Termination "Mariia89 won by checkmate"]

1. d4 d5 2. c4 e6 3. Nc3 Bb4 4. Nf3 dxc4 5. e3 b5 6. a4 c6 7. Bd2 Bxc3 8. Bxc3 Nf6 9. b3 cxb3 10. axb5 O-O 11.
Qxb3 Nd5 12. Bd2 Bd7 13. e4 Nf6 14. e5 Nd5 15. bxc6 Nxc6 16. Bd3 a5 17. Bxh7+ Kxh7 18.
Ng5+ Kg6 19. h4 Rh8 20. h5+ Rxh5 21. Rxh5 Nxd4 22. Qd3+ Nf5 23. g4 Nb4 24. Qe4 Bc6 25. gxf5+ exf5 26. Qe2 Nc2+ 27. Kf1 Bb5 28. Qxb5 Kxh5 29.
Rc1 Nd4 30. Qd3 Kg6 31. Qh3 Qh8 32. Qg3 f4 33. Qg2 f3 34. Nxf3+ Kf5 35. Nxd4+ Kxe5 36. Nf3+ Kd6 37. Ng5 f6 38. Nf7+ Ke7 39. Nxh8 Rxh8 40. Qe4+ Kf7 41. Qb7+ Kg8 42. Qg2 Kh7 43. Be3 Re8 44. Qh3+ Kg6 45. Rc4 a4 46. Qg4+ Kf7 47. Rc7+ Re7 48. Qc4+ Kf8 49. Rxe7 Kxe7 50. Qxa4 Kf7 51.
Qg4 f5 52. Qxf5+ Kg8 53. Qg6 Kh8 54. Bd4 Kg8 55. Qxg7# 1-0

[Event "Late-Titled-Tuesday-Blitz-February-13-2024"]
[Site "Chess.com"]
[Date "2024.02.13"]
[Round "3"]
[White "LyonBeast"]
[Black "Kiborg95"]
[Result "1-0"]
[WhiteElo "3174"]
[BlackElo "2840"]
[TimeControl "180+1"]
[EndTime "14:28:49 PST"]
[Termination "LyonBeast won by resignation"]

1. e4 d6 2. d4 Nf6 3. Nc3 e5 4.
dxe5 dxe5 5. Qxd8+ Kxd8 6. Bc4 Ke8 7. Be3 a6 8. f3 Nbd7 9. Nge2 b5 10. Bd5 Nxd5 11.
Nxd5 Bd6 12. O-O-O Bb7 13. Ng3 Bxd5 14. Rxd5 g6 15.
Rhd1 Ke7 16. Nf1 Rhd8 17. Bf2 f6 18. Ne3 Nb6 19. R5d3 Ke6 20. c3 Be7 21. Nd5 Nxd5 22. exd5+ Kd7 23. Kc2 Bd6 24. a4 f5 25. h3 Re8 26.
Re1 e4 27. fxe4 Rxe4 28. Rxe4 fxe4 29. Rd1 Rf8 30. Be3 Bg3 31. axb5 axb5 32. Rd4 Rf5 33. b3 Kd6 34. c4 bxc4 35. bxc4 Ke5 36. Rd1 Rf7 37.
Bd4+ Kd6 38. c5+ Kd7 39. Be3 Rf5 40. Kc3 Bf2 41. Kd4 c6 42. dxc6+ Kxc6 43. Kxe4 Bxe3 44. Kxe3 Kxc5 45. Rd7 h5 46. g3 g5 47. Ke4 Rf1 48. Rd5+ Kc6 49. Rxg5 h4 50. g4 Rh1 51. Rh5 Rxh3 52.
Kf5 Kd7 53. Kg6 Rh1 54. g5 h3 55. Kh7 Ke7 56. g6 Kf6 57. g7 Rg1 58. g8=Q 1-0

[Event "Late-Titled-Tuesday-Blitz-February-13-2024"]
[Site "Chess.com"]
[Date "2024.02.13"]
[Round "3"]
[White "kuli4ik"]
[Black "aghasiyevkamal"]
[Result "0-1"]
[WhiteElo "2862"]
[BlackElo "2657"]
[TimeControl "180+1"]
[EndTime "14:28:50 PST"]
[Termination "aghasiyevkamal won on time"]

1. Nf3 d5 2. g3 Nf6 3. Bg2 e6 4.
O-O Be7 5. b3 O-O 6. Bb2 c5 7.
e3 Nc6 8. c4 dxc4 9. bxc4 Qc7 10.
Nc3 a6 11. Qe2 b6 12. Rab1 Bb7 13. Rfd1 Na5 14. d3 Rad8 15. Ba1 Bc6 16. Ne1 Ne8 17. Bxc6 Nxc6 18. f4 Nd6 19. Nf3 Bf6 20. g4 Bxc3 21. Bxc3 b5 22. cxb5 axb5 23. Rbc1 c4 24. Qb2 f6 25. g5 b4 26. Be1 c3 27. Qb3 Qf7 28.
a3 Nf5 29. Bf2 Rb8 30. e4 bxa3 31. Qxc3 Nfe7 32. gxf6 Qxf6 33. Qxf6 Rxf6 34. Bg3 a2 35.
Ra1 Rb2 36. Rd2 Rxd2 37. Nxd2 Nb4 38. Nc4 Rf8 39. Kf2 Ra8 40. Ne3 Nxd3+ 41. Ke2 Nc5 42. Nc2 Nb3 43. Rd1 a1=Q 44. Nxa1 Rxa1 45. Rd7 Ng6 46. f5 exf5 47. exf5 Ra2+ 48. Kf3 Nf8 49.
Rd8 Kf7 50. Bd6 Nd4+ 51. Ke4 Nxf5 52. Rxf8+ Ke6 0-1

[Event "Late-Titled-Tuesday-Blitz-February-13-2024"]
[Site "Chess.com"]
[Date "2024.02.13"]
[Round "3"]
[White "Sajkochess"]
[Black "Doudou2015"]
[Result "0-1"]
[WhiteElo "2367"]
[BlackElo "2200"]
[TimeControl "180+1"]
[EndTime "14:28:51 PST"]
[Termination "Doudou2015 won by resignation"]

1. e4 c5 2. Nf3 Nc6 3. d4 cxd4 4. Nxd4 e5 5. Nb5 a6 6. N5c3 Bc5 7. Bc4 d6 8. O-O h6 9. Nd5 Nf6 10. Nxf6+ Qxf6 11. Be3 Be6 12. Bxe6 Qxe6 13. Nc3 O-O 14. Nd5 Rac8 15.
c3 Ne7 16. Qb3 Nxd5 17. exd5 Qe7 18. Qc2 f5 19. Rad1 f4 20. Bxc5 Rxc5 21. Qe4 f3 22. gxf3 Rf4 23. Qg6 Rf6 24. Qg4 Qf7 25. Kh1 Rxf3 26. Qe6 Rf6 27. Qxf7+ Kxf7 28. Kg2 Rf4 29.
f3 b5 30. Rfe1 b4 31. Rd3 bxc3 32. bxc3 Rfc4 33. Ree3 Kf6 34. Kg3 Kf5 35. h4 g5 36.
hxg5 hxg5 37. Kf2 Rf4 38. Ke2 Rb5 39. Rd2 Rh4 40. Kd3 Rxd5+ 41. Kc2 Rxd2+ 42. Kxd2 Rh2+ 43.
Kd3 d5 44. c4 dxc4+ 45. Kxc4 Rxa2 46. Kd5 Ra5+ 47. Kd6 Kf4 48. Rb3 Rb5 49. Rc3 a5 50. Kc6 Rb4 51. Kd5 Rd4+ 52. Ke6 e4 53. fxe4 Rxe4+ 54. Kf6 g4 55. Rc5 a4 56. Rf5+ Ke3 57.
Kg5 g3 58. Kh5 g2 59. Rg5 Kf2 60. Rf5+ Kg1 61. Rb5 Kh1 0-1

[Event "Late-Titled-Tuesday-Blitz-February-13-2024"]
[Site "Chess.com"]
[Date "2024.02.13"]
[Round "3"]
[White "Rodalquilar"]
[Black "jefferyx"]
[Result "0-1"]
[WhiteElo "2771"]
[BlackElo "3034"]
[TimeControl "180+1"]
[EndTime "14:28:53 PST"]
[Termination "jefferyx won on time"]

1. d4 Nf6 2. Nf3 g6 3. Bf4 Bg7 4. e3 O-O 5. Be2 c5 6. c3 Qb6 7. Qb3 d6 8. O-O Be6 9. Qxb6 axb6 10. a3 Nc6 11. h3 h6 12. Bh2 Rfc8 13. Nbd2 Na5 14.
Rfe1 Bd5 15. Bd3 Bc6 16. e4 cxd4 17. Nxd4 e5 18. Nc2 Ba4 19. Ne3 h5 20. Ndc4 Nxc4 21. Nxc4 Bb5 22. Nxe5 Ra5 23. Bxb5 Rxb5 24. Nd3 d5 25. e5 Ne4 26. f3 Nc5 27. Nb4 Ne6 28. Rad1 Rd8 29. Kf1 Bf8 30. Bg1 Bc5 31. Bf2 Kg7 32.
h4 d4 33. c4 Bxb4 34. cxb5 Bxe1 35. Kxe1 Rd5 36. a4 Rxe5+ 37. Kd2 Rc5 38. Kd3 Rc8 39.
b3 Kf6 40. Kd2 Ke5 41. Re1+ Kd5 42. Re4 Rc7 43. Bg3 Rc8 44. Re5+ Kd6 45. Rxh5+ Ke7 46. Rd5 Rc3 47. Rxd4 Rxb3 48. Re4 Rb2+ 49. Ke3 Rxg2 50. Bf2 Kd6 51. Ke2 Nc5 52. Rd4+ Ke6 53. Kf1 Rh2 54. Kg1 Rxf2 55. Kxf2 Ke5 56. Rb4 Nd3+ 0-1

[Event "Late-Titled-Tuesday-Blitz-February-13-2024"]
[Site "Chess.com"]
[Date "2024.02.13"]
[Round "3"]
[White "chegueps"]
[Black "Alex_Sahakyan2006"]
[Result "1-0"]
[WhiteElo "2680"]
[BlackElo "2864"]
[TimeControl "180+1"]
[EndTime "14:28:53 PST"]
[Termination "chegueps won on time"]

1. e4 e5 2. Nf3 Nc6 3. Bb5 a6 4. Ba4 d6 5. O-O Bd7 6. c3 g5 7. d4 g4 8. Ne1 h5 9. Be3 Bg7 10. Na3 Nge7 11. Nac2 Ng6 12. Nd3 Qe7 13. dxe5 Ncxe5 14. Bxd7+ Qxd7 15. Nf4 h4 16. Nd4 O-O-O 17. Nf5 Bf8 18. Nd5 Qe6 19. Nd4 Qe8 20. Bg5 Be7 21.
Bf6 Rh6 22. Nf5 Bxf6 23. Nxh6 Bg5 24. Nxg4 Qe6 25. Nxe5 dxe5 26. Qa4 h3 27. g3 Nh4 28. Qc4 Nf3+ 29. Kh1 Rd7 30. Qe2 Nd2 31. Rfd1 Rxd5 32. exd5 Qf5 33. f4 exf4 34. Qe8+ Bd8 35. Rxd2 fxg3 36.
hxg3 Qf3+ 37. Kh2 b6 38. Qe2 Qf5 39. Rf1 Qg6 40. Qd3 Qh6 41. Qf5+ Kb8 42. Qxh3 Qxd2+ 43. Qg2 Qh6+ 44. Qh3 Qd2+ 45. Qg2 Qh6+ 46. Kg1 Be7 47. b4 Bd6 48. Rxf7 Qe3+ 49. Qf2 Qxc3 50. Rf3 Qc1+ 51.
Kg2 Bxb4 52. d6 Bxd6 53. Re3 Qc6+ 54. Qf3 Qc2+ 55. Re2 1-0

[Event "Late-Titled-Tuesday-Blitz-February-13-2024"]
[Site "Chess.com"]
[Date "2024.02.13"]
[Round "3"]
[White "BilodeauA"]
[Black "ChessSkool"]
[Result "1-0"]
[WhiteElo "2950"]
[BlackElo "2714"]
[TimeControl "180+1"]
[EndTime "14:28:54 PST"]
[Termination "BilodeauA won on time"]

1. e4 c6 2. d4 d5 3. e5 Bf5 4.
Nf3 e6 5. Be2 Nd7 6. O-O a5 7.
Nc3 Bb4 8. Bd2 f6 9. a3 Bxc3 10. Bxc3 fxe5 11. Nxe5 Nxe5 12. dxe5 Ne7 13. Bd4 b6 14. b4 O-O 15. Qd2 Qc7 16. Qe3 Rfb8 17. c3 Bg6 18. g4 h6 19. h4 Bh7 20. h5 Kh8 21. Kh2 Rb7 22. c4 dxc4 23. Bxc4 Nd5 24.
Bxd5 cxd5 25. Rac1 Qd7 26. Rc3 axb4 27. axb4 Rc7 28.
Rfc1 Rac8 29. Bxb6 Rxc3 30. Rxc3 Rxc3 31. Qxc3 Qe7 32.
Kg3 Bg8 33. Bd4 Bf7 34. b5 Qb7 35. b6 Be8 36. Qc7 Bc6 37. f3 Qa8 38. Qd6 Qc8 39. Bc5 Kg8 40. Qc7 Bb7 41. Kf2 Qxc7 42. bxc7 Kf7 43. Ke3 g6 44. Kd4 gxh5 45. gxh5 Ke8 46. Bd6 Kd7 47. Kc5 Ba6 48. f4 Bd3 49. Kb6 Kc8 50. Bf8 Be2 51. f5 exf5 52. e6 Bxh5 53. Bxh6 d4 54. Kc6 d3 55. Kd6 Bg6 56. Bf4 Be8 57. Ke7 Bh5 58. Kd6 Be8 59. e7 Bf7 60.
Ke5 Kxc7 61. Kf6+ 1-0

[Event "Late-Titled-Tuesday-Blitz-February-13-2024"]
[Site "Chess.com"]
[Date "2024.02.13"]
[Round "3"]
[White "Heinza9"]
[Black "combidharma"]
[Result "1/2-1/2"]
[WhiteElo "2280"]
[BlackElo "2696"]
[TimeControl "180+1"]
[EndTime "14:28:54 PST"]
[Termination "Game drawn by repetition"]

1. e4 c5 2. Nf3 g6 3. c3 d5 4. exd5 Qxd5 5. d4 Nf6 6. dxc5 Qxc5 7. Be3 Qc7 8. Be2 Nc6 9. h3 Bg7 10. O-O O-O 11. Nbd2 Bf5 12. Nd4 Nxd4 13. cxd4 Rfd8 14. Bf3 Nd5 15. Rc1 Qd7 16. a3 Rac8 17. Qb3 Nb6 18. Rxc8 Rxc8 19. d5 Bc2 20. Qb4 Nxd5 21.
Bxd5 Qxd5 22. Bxa7 e6 23. Be3 Bd3 24. Re1 Rc2 25. Nf3 Rxb2 26. Qh4 Rb1 27. Rxb1 Bxb1 28. Qe7 Bf8 29. Qe8 Qd1+ 30. Kh2 Qd6+ 31. g3 Be4 32.
Ng5 Qe7 33. Qxe7 Bxe7 34. Nxe4 Bxa3 35. Bc5 Bb2 36. f4 f6 37. Nd6 e5 38. Nxb7 Kf7 39.
Kg2 Ke6 40. fxe5 fxe5 41. Kf3 Kd5 42. Bf8 e4+ 43. Ke2 Be5 44. g4 Bd4 45. Nd8 Be5 46.
Nf7 Bf6 47. g5 Bc3 48. h4 Ke6 49. Nh6 Bd4 50. Bb4 Bb6 51. Bc3 Ba7 52. Ng4 Kf5 53. Ne3+ Kf4 54. Bd2 Kg3 55. h5 gxh5 56. Nf5+ Kg4 57.
Nh6+ Kg3 58. Nf5+ Kg4 59. Nh6+ Kh3 60. Nf5 Kg4 1/2-1/2

[Event "Late-Titled-Tuesday-Blitz-February-13-2024"]
[Site "Chess.com"]
[Date "2024.02.13"]
[Round "3"]
[White "MyDream003"]
[Black "GMBenjaminBok"]
[Result "1/2-1/2"]
[WhiteElo "2747"]
[BlackElo "2973"]
[TimeControl "180+1"]
[EndTime "14:28:56 PST"]
[Termination "Game drawn by repetition"]

1. Nf3 Nf6 2. c4 b6 3. g3 Bb7 4.
Bg2 g6 5. b3 Bg7 6. Bb2 O-O 7.
O-O e6 8. d4 Qe7 9. Nc3 Ne4 10.
Nxe4 Bxe4 11. e3 c5 12. Qe2 Nc6 13. Rfd1 Rfd8 14. Rd2 d5 15. Rad1 dxc4 16. Qxc4 Rac8 17. dxc5 Bxf3 18. Bxf3 Bxb2 19. Bxc6 Rxd2 20. Rxd2 Rxc6 21.
Rxb2 Rxc5 22. Qe4 Qd7 23. Rb1 Kg7 24. b4 Rd5 25. Qc2 Rd2 26. Qc3+ Kh6 27. a3 Rd3 28. Qb2 Qd5 29. Rc1 Qf3 30. a4 Rd1+ 31. Rxd1 Qxd1+ 32. Kg2 Qxa4 33. b5 Qe4+ 34. Kg1 Qd5 35. h4 e5 36. Kh2 f6 37. Kg1 Kh5 38. Qe2+ Kh6 39. Qb2 g5 40. hxg5+ Kxg5 41. Qb4 h5 42. Qh4+ Kg6 43.
Qb4 Kf5 44. Kh2 Qf3 45. Kg1 Kg6 46. Qb1+ Kg5 47. Qb4 Qd1+ 48. Kg2 Qd5+ 49. Kg1 Qf3 50. Qc4 Kf5 51. Qc8+ Kg6 52. Qg8+ Kh6 53. Qh8+ Kg5 54. Qg8+ Kf5 55. Qc8+ Kg5 56. Qg8+ Kh6 57. Qh8+ Kg6 58. Qg8+ Kf5 59. Qc8+ 1/2-1/2

[Event "Late-Titled-Tuesday-Blitz-February-13-2024"]
[Site "Chess.com"]
[Date "2024.02.13"]
[Round "3"]
[White "AldokhinIvan"]
[Black "verrbaa"]
[Result "0-1"]
[WhiteElo "2653"]
[BlackElo "2495"]
[TimeControl "180+1"]
[EndTime "14:28:57 PST"]
[Termination "verrbaa won on time"]

1. e4 c5 2. Nf3 e6 3. d4 cxd4 4. Nxd4 Nc6 5. Nc3 d6 6. g4 Nge7 7. Bg2 Nxd4 8. Qxd4 Nc6 9. Qe3 Be7 10. b3 O-O 11.
Bb2 e5 12. h4 Nd4 13. O-O-O Bxg4 14. Nd5 Bxd1 15. Kxd1 Rc8 16. Bxd4 exd4 17. Qxd4 Bf6 18. Qd2 Re8 19. h5 h6 20. Rg1 Kh8 21. Bh3 Rc6 22. f3 Re5 23. Bg4 b5 24. Qd3 Rc5 25. f4 Re8 26. Bf3 a5 27. Rg2 b4 28. Qa6 Bc3 29.
Qd3 Qh4 30. Rg1 Rxd5 31. Qxd5 Qxf4 32. Rf1 Qe3 33. Qd3 Qg5 34. Be2 Kg8 35. Rf5 Qg1+ 36. Rf1 Qg5 37. Rf5 Qg1+ 38. Rf1 Qd4 39. Qxd4 Bxd4 40.
Bd3 Re5 41. Bc4 Kh7 42. Rxf7 Rxh5 43. Bd3 Re5 44. Rd7 Bc5 45. Ke2 h5 46. Kf3 Kh6 47. Rf7 g5 48. Bc4 g4+ 49. Kf4 Re8 50. Rf6+ Kg7 51. Rf7+ Kg6 52. Kg3 Re5 0-1

[Event "Late-Titled-Tuesday-Blitz-February-13-2024"]
[Site "Chess.com"]
[Date "2024.02.13"]
[Round "3"]
[White "FairChess_on_YouTube"]
[Black "Karacsonyi_Gellert"]
[Result "1-0"]
[WhiteElo "3088"]
[BlackElo "2821"]
[TimeControl "180+1"]
[EndTime "14:28:58 PST"]
[Termination "FairChess_on_YouTube won by resignation"]

1. e4 c5 2. Nc3 Nc6 3. Bb5 Nd4 4. Nf3 g6 5. Nxd4 cxd4 6. Ne2 Bg7 7. c4 dxc3 8. dxc3 a6 9. Bd3 d6 10. O-O Nf6 11. f4 O-O 12. Kh1 b5 13. f5 Nd7 14.
Bg5 Ne5 15. Bc2 Qc7 16. Qc1 Bb7 17. Ng3 f6 18. Be3 Nc4 19. Ne2 Nxe3 20. Qxe3 d5 21. exd5 Qe5 22. Qf2 g5 23. Rae1 Bxd5 24. Nd4 Qd6 25.
Bb3 Bxb3 26. axb3 b4 27. Re6 Qc5 28. Qf3 bxc3 29. bxc3 Rac8 30. Nc6 Rf7 31. Rd1 Bf8 32. h3 Rg7 33. Rd7 Qa3 34. b4 g4 35. hxg4 Qc1+ 36. Kh2 Qg5 37. Rd4 Qh4+ 38. Kg1 Qg5 39. c4 Qc1+ 40. Kh2 Qh6+ 41. Qh3 Qc1 42. Rde4 Rc7 43. Qd3 Qh6+ 44. Kg3 Qc1 45. Qd5 h5 46. Rxf6+ Kh7 47. Rxf8 Qg5 48. Rf7 h4+ 49. Kh3 e6 50. Rxg7+ Rxg7 51. fxe6 Qc1 52. Qf5+ Kg8 53. Kh2 h3 54. gxh3 Qd2+ 55. Kg3 Qc3+ 56. Qf3 Qc1 57. e7 Qg1+ 58. Qg2 1-0

[Event "Late-Titled-Tuesday-Blitz-February-13-2024"]
[Site "Chess.com"]
[Date "2024.02.13"]
[Round "3"]
[White "mr_gustavo"]
[Black "ArchibaldCerveza29"]
[Result "1/2-1/2"]
[WhiteElo "2723"]
[BlackElo "2511"]
[TimeControl "180+1"]
[EndTime "14:28:58 PST"]
[Termination "Game drawn by repetition"]

1. b3 e5 2. Bb2 Nc6 3. e3 Nf6 4. Bb5 e4 5. Ne2 a6 6. Bxc6 dxc6 7.
d3 Bd6 8. Nd2 exd3 9. cxd3 Bb4 10.
a3 Ba5 11. b4 Bb6 12. Bxf6 Qxf6 13. d4 Be6 14. O-O a5 15. Ng3 h5 16. Nge4 Qg6 17. h4 Qg4 18. Qxg4 hxg4 19. g3 Ke7 20. Nc3 f6 21. Nde4 Rh5 22. Rfc1 Bc4 23. Na4 Bd3 24. Nac5 Be2 25. bxa5 Rxa5 26. Nxb7 Ra8 27.
Nbc5 g5 28. Re1 Bf3 29. Nd2 gxh4 30. Nxf3 gxf3 31. g4 Rg8 32. Kh2 Rxg4 33. Rg1 f5 34. a4 Rhg5 35. Nb3 Rg2+ 36. Kh1 h3 37. a5 Ba7 38. a6 h2 39. Rgf1 c5 40. Nxc5 c6 41. Nd3 Bb8 42. Ne5 Bxe5 43. dxe5 Rg8 44. a7 Ra8 45. Ra4 Ke6 46. Rh4 Kxe5 47. Rh7 Ke4 48. Rh4+ Kd3 49. Rxh2 Rxh2+ 50. Kxh2 Ke2 51. Ra1 Kxf2 52.
Ra2+ Kxe3 53. Kg3 f4+ 54. Kg4 f2 55. Ra3+ Ke2 56. Ra2+ Ke3 57. Ra3+ Ke2 58. Ra2+ Ke1 59. Ra1+ Kd2 60. Ra2+ Ke3 1/2-1/2

[Event "Late-Titled-Tuesday-Blitz-February-13-2024"]
[Site "Chess.com"]
[Date "2024.02.13"]
[Round "3"]
[White "MusicCityMaster"]
[Black "sergiochess83"]
[Result "1/2-1/2"]
[WhiteElo "2462"]
[BlackElo "2846"]
[TimeControl "180+1"]
[EndTime "14:29:02 PST"]
[Termination "Game drawn by repetition"]

1. d4 Nf6 2. c4 e6 3. Nf3 Bb4+ 4.
Bd2 c5 5. Bxb4 cxb4 6. e3 O-O 7. Bd3 b6 8. O-O Bb7 9. Nbd2 d6 10. e4 e5 11. Qb3 a5 12. a3 Na6 13. Rad1 Qc7 14.
axb4 Nxb4 15. Bb1 Rfe8 16. Rfe1 g6 17. h3 Nh5 18. d5 Ba6 19. Rc1 Rac8 20. Bd3 Nf6 21.
Bf1 Nd7 22. Qe3 Kg7 23. h4 Nf6 24. Rc3 h6 25. Nh2 Qc5 26. Qh3 Rb8 27. Nb3 Qc8 28. g4 Qd8 29. Be2 Nd7 30. g5 h5 31. Rf3 Qe7 32.
Nf1 Nc5 33. Ng3 Nxb3 34. Rxb3 Nc2 35. Rc1 Nd4 36. Bd1 Rec8 37. Rbc3 Rc5 38. Nf1 Rbc8 39. Ne3 R8c7 40. Qg3 Qd7 41. f4 Qe8 42. f5 b5 43.
f6+ Kf8 44. cxb5 Bxb5 45. Rxc5 Rxc5 46. Rxc5 dxc5 47. Nc2 Bd7 48. Nxd4 cxd4 49. Qa3+ Kg8 50. Qd6 Bg4 51. Bb3 d3 52. Qa6 d2 53. Qd3 Qb8 54.
d6 Qb6+ 55. Kg2 Qd8 56. Qxd2 Bd7 57. Qc3 Qb8 58. Qc7 Qxb3 59. Qd8+ Kh7 60. Qxd7 Qc2+ 61.
Kf3 Qd3+ 62. Kf2 Qd2+ 63. Kf3 Qd3+ 64. Kf2 Qd2+ 65. Kf3 Qd3+ 1/2-1/2

[Event "Late-Titled-Tuesday-Blitz-February-13-2024"]
[Site "Chess.com"]
[Date "2024.02.13"]
[Round "3"]
[White "Slovak_fighter2000"]
[Black "Goryachkina"]
[Result "0-1"]
[WhiteElo "2498"]
[BlackElo "2690"]
[TimeControl "180+1"]
[EndTime "14:29:02 PST"]
[Termination "Goryachkina won on time"]

1. d4 Nf6 2. Nf3 d5 3. c4 e6 4. Nc3 c5 5. cxd5 Nxd5 6. e4 Nxc3 7. bxc3 cxd4 8. cxd4 Bb4+ 9. Bd2 Bxd2+ 10. Qxd2 O-O 11. Bc4 Nd7 12. O-O b6 13. Rfe1 Bb7 14. Rad1 Nf6 15.
Qf4 Rc8 16. Bb3 Qc7 17. Qh4 h6 18. d5 exd5 19. e5 Ne4 20. Bxd5 Bxd5 21. Rxd5 Nc3 22.
Rd2 Rfd8 23. Rc2 b5 24. h3 a5 25. Nd4 Qc4 26. Nf5 Qxh4 27. Nxh4 b4 28. Nf5 Kf8 29. Nd6 Rc6 30. f4 g6 31. Nb5 Ke7 32.
Nxc3 Rxc3 33. Rxc3 bxc3 34. Rc1 Rd3 35. Kf2 Ke6 36.
Ke2 Rd2+ 37. Kf3 c2 38. g4 g5 39. Kg3 Kd5 40. h4 gxf4+ 41. Kxf4 Kd4 42. g5 hxg5+ 43. Kxg5 Kxe5 44. h5 Rg2+ 45. Kh4 Kd4 46. h6 Kc3 47. Rh1 Rg8 48. Kh5 Kb2 49. Rh2 Kb1 50. h7 Rh8 51.
Rxc2 Kxc2 52. Kh6 Rxh7+ 0-1

[Event "Late-Titled-Tuesday-Blitz-February-13-2024"]
[Site "Chess.com"]
[Date "2024.02.13"]
[Round "3"]
[White "N_Mullodzhanov"]
[Black "ProfessorChess101"]
[Result "0-1"]
[WhiteElo "2507"]
[BlackElo "2786"]
[TimeControl "180+1"]
[EndTime "14:29:04 PST"]
[Termination "ProfessorChess101 won by checkmate"]

1. e4 c6 2. Nc3 d5 3. Nf3 dxe4 4. Nxe4 Nf6 5. Nxf6+ exf6 6. d4 Bd6 7. Bd3 O-O 8. O-O Nd7 9. Re1 Re8 10. c3 Nf8 11. h3 Be6 12. Qc2 Qc7 13. Bd2 Rad8 14.
c4 c5 15. d5 Bc8 16. Bc3 a6 17. a4 Ng6 18. Bf5 Re7 19. Rxe7 Bxe7 20. Re1 Bd6 21. b3 Bd7 22. h4 Nf8 23. g3 Re8 24. Rxe8 Bxe8 25.
Kg2 b5 26. axb5 axb5 27. Qa2 Qb7 28. Kh2 h6 29. Kg2 Bd7 30. Bxd7 Nxd7 31. Qe2 b4 32. Bb2 Kf8 33. Nd2 Qc7 34. Qd3 Kg8 35. Ne4 Ne5 36.
Qc2 Bf8 37. Bc1 Qc8 38. Bf4 Qd8 39. Be3 Qc8 40. Qe2 Ng4 41. Bf4 Ne5 42. Qa2 Qf5 43.
Qb1 Qg4 44. Nd2 Ng6 45. Be3 Nxh4+ 46. Kf1 Nf5 47. Bf4 Nd4 48. Qe4 Qd1+ 49. Kg2 Qg4 50. f3 Qd7 51. Qb1 Qe8 52. Ne4 f5 53. Nf2 Qe2 54. Qd3 Qxd3 55. Nxd3 Nxb3 56. Be3 Nd4 57. Bxd4 cxd4 58. c5 b3 59. d6 f6 60. Nc1 b2 61. d7 Be7 62. c6 bxc1=Q 63. f4 Qxc6+ 64. Kh3 Qh1# 0-1

[Event "Late-Titled-Tuesday-Blitz-February-13-2024"]
[Site "Chess.com"]
[Date "2024.02.13"]
[Round "3"]
[White "SHIVACalypso"]
[Black "BabageldiAnnaberdiyev"]
[Result "1-0"]
[WhiteElo "2481"]
[BlackElo "2643"]
[TimeControl "180+1"]
[EndTime "14:29:04 PST"]
[Termination "SHIVACalypso won by resignation"]

1. d4 e6 2. e4 d5 3. Nd2 Nf6 4. e5 Nfd7 5. Bd3 c5 6. c3 Nc6 7. Ne2 cxd4 8. cxd4 Qb6 9. O-O Nxd4 10. Nxd4 Qxd4 11. Nf3 Qb6 12. a3 a5 13. Qa4 h5 14.
Be3 Bc5 15. Bxc5 Qxc5 16. Rac1 Qe7 17. Rc7 O-O 18. Rfc1 Qd8 19. Bb5 Nb6 20. Qd4 Nc4 21.
Qc5 Nxb2 22. Nd4 Nc4 23. Bxc4 dxc4 24. Rxc4 b6 25. Qxb6 Ba6 26. Rc1 Qd5 27. Qc5 Bb7 28. Qxd5 Bxd5 29. Nb5 a4 30. Nd6 Bb3 31. f3 Ra5 32.
R1c5 Rxc5 33. Rxc5 Rd8 34. Kf2 f6 35. f4 fxe5 36. fxe5 Rf8+ 37. Ke3 Rf1 38. Ne4 Re1+ 39. Kd4 Kh7 40. Rc7 Rd1+ 41. Ke3 Ra1 42. Kf4 Rf1+ 43. Kg5 Rf5+ 44. Kh4 Rxe5 45. Ng5+ Kg6 46. Nf3 Re4+ 47. Kg3 Kh6 48. h4 Re3 49. Kf4 Re2 50. g3 Rf2 51.
Ke3 Rxf3+ 52. Kxf3 Bd5+ 53. Ke3 Kg6 54. Kf4 Kf6 55.
Ra7 e5+ 56. Ke3 Bb3 57. Ke4 Bc2+ 58. Kd5 g6 59. Rc7 Bb3+ 60. Ke4 Ba2 61. Rc6+ Kf7 62.
Kxe5 Bb3 63. Rf6+ Kg7 64. Rb6 Bc2 65. Rb7+ Kf8 66. Rc7 Bb3 67. Kf6 Ke8 68. Kxg6 Kd8 69. Rg7 Bd1 70. Kg5 Ke8 71. Rh7 Kf8 72. Rxh5 1-0

[Event "Late-Titled-Tuesday-Blitz-February-13-2024"]
[Site "Chess.com"]
[Date "2024.02.13"]
[Round "3"]
[White "Supelyel"]
[Black "Thjop"]
[Result "0-1"]
[WhiteElo "2444"]
[BlackElo "2664"]
[TimeControl "180+1"]
[EndTime "14:29:07 PST"]
[Termination "Thjop won by resignation"]

1. c4 Nf6 2. g3 g6 3. Bg2 Bg7 4. Nc3 O-O 5. Nf3 d6 6. O-O c6 7.
d3 a5 8. Rb1 e5 9. Bg5 h6 10.
Bxf6 Bxf6 11. a3 Re8 12. Qd2 Bg7 13. b4 axb4 14. axb4 Be6 15. Rfc1 Nd7 16. Ne1 Nf6 17. b5 d5 18. bxc6 bxc6 19. cxd5 cxd5 20. Nf3 Nd7 21.
Nb5 Rb8 22. Nd6 Rxb1 23. Rxb1 Re7 24. Qc2 Nf6 25. Nb7 Qb8 26. Na5 Qa8 27. Qc5 Re8 28.
Nc6 Nd7 29. Qc1 Kh7 30. Nb4 Rc8 31. Qd1 f5 32. h4 e4 33. dxe4 dxe4 34. Nd4 Bf7 35.
e3 h5 36. Nbc6 Rxc6 37. Nxc6 Qxc6 38. f3 Nf6 39. fxe4 fxe4 40. Rc1 Qb6 41. Qd2 Bh6 42. Re1 Ng4 43. Qd7 Bxe3+ 44. Kh1 Qe6 45. Qxe6 Bxe6 46.
Bxe4 Bf2 47. Re2 Bxg3 48. Kg2 Bxh4 49. Bf3 Bf5 50. Rb2 Bf6 51. Rb7+ Kh6 52. Kg3 Kg5 53. Rb5 Be5+ 54. Kg2 Bf4 55. Be4 Ne3+ 56. Kf3 h4 57. Rb1 Bg4+ 58. Kf2 h3 59. Bh1 h2 60. Rb5+ Nf5 61. Rb4 Bg3+ 62. Kg2 Be5 63. Rb5 Bf4 64. Kf2 Bh5 65. Rb4 Bd1 66. Rc4 Bg4 67. Rb4 Ng3 68. Bg2 Bf5 69. Rb1 Bxb1 0-1